 Dungeon Sprint DCSS version 0.28.0-43-g3370ac3207 (webtiles) character file.

Game seed: 14983873972239456647

812 boopmooplesden the Fighter (level 7, -8/78 HPs)
             Began as a Minotaur Berserker on Mar 17, 2022.
             Was a Priest of Trog.
             Killed from afar by a white imp (10 damage)
             ... with a puff of frost
             ... summoned by a kobold demonologist
             ... in the Dungeon (Sprint I: "Red Sonja").
             The game lasted 00:01:03 (624 turns).

boopmooplesden the Fighter (Minotaur Berserker)      Turns: 624, Time: 00:01:04

Health: -8/78      AC: -5    Str: 22    XL:     7   Next: 61%
Magic:  6/6        EV: 10    Int:  4    God:    Trog [***...]
Gold:   270        SH:  0    Dex: 11    Spells: 6/6 levels left

rFire   . . .      SeeInvis .   a - +0 falchion
rCold   . . .      Faith    .   (no shield)
rNeg    . . .      Spirit   .   j - +0 chain mail
rPois   .          Reflect  .   (helmet restricted)
rElec   .          Harm     .   (no cloak)
rCorr   .          Rampage  .   (no gloves)
Will    .....      NoTele   +   (no boots)
Stlth   ..........              (no amulet)
HPRegen 0.23/turn               (no ring)
MPRegen 0.10/turn               (no ring)

@: corroded, on berserk cooldown, hasted and slowed
A: horns 2, retaliatory headbutt
a: Renounce Religion, Berserk, Trog's Hand


You were in the Dungeon.
You worshipped Trog.
Trog was most pleased with you.
You visited 1 branch You collected 270 gold pieces.

Inventory:

Hand Weapons
 a - a +0 falchion (weapon)
Armour
 b - a +0 animal skin
 j - a +0 chain mail (worn)
Wands
 i - a wand of iceblast (10)
Scrolls
 h - a scroll of blinking
Potions
 f - 2 potions of magic
 g - a potion of berserk rage


   Skills:
 + Level 12.9 Fighting
 + Level 12.6 Long Blades
 + Level 8.2 Armour
 + Level 5.9 Dodging
 + Level 0.8 Stealth


You had 6 spell levels left.
You didn't know any spells.
Your spell library was empty.

Dungeon Overview and Level Annotations

Branches:
Dungeon (1/1)

Altars:
Makhleb
Xom
Jiyva
Lugonu


Innate Abilities, Weirdness & Mutations

You have a pair of horns on your head.
You reflexively headbutt those who attack you in melee.


Message History

The kobold demonologist is lightly wounded.
The ufetubus closely misses you. The ufetubus barely misses you.
The white imp hits you.
* * * LOW HITPOINT WARNING * * *
The white imp freezes you.
* * * LOW HITPOINT WARNING * * *
You feel much better. The ufetubus barely misses you. You furiously retaliate!
You headbutt the ufetubus. The ufetubus hits you.
The kobold demonologist hits you with a +0 dagger.
* * * LOW HITPOINT WARNING * * *
The white imp misses you. You furiously retaliate!
You headbutt the white imp, but do no damage.
The crimson imp picks up a beetle and eats it.
You barely miss the kobold demonologist.
Your headbutt misses the kobold demonologist.
The kobold demonologist is lightly wounded.
The kobold demonologist hits you with a +0 dagger.
* * * LOW HITPOINT WARNING * * *
The white imp barely misses you.
You miss the kobold demonologist.
The kobold demonologist is lightly wounded.
The hellwing hits you!
* * * LOW HITPOINT WARNING * * *
The hellwing hits you.
* * * LOW HITPOINT WARNING * * *
The kobold demonologist hits you with a +0 dagger.
* * * LOW HITPOINT WARNING * * *
You hit the kobold demonologist but do no damage.
The kobold demonologist is lightly wounded.
The white imp closely misses you. You furiously retaliate!
You headbutt the white imp, but do no damage.
You feel better. The hellwing hits you!
* * * LOW HITPOINT WARNING * * *
The hellwing misses you.
The kobold demonologist barely misses you.
You furiously retaliate!
You headbutt the kobold demonologist, but do no damage.
The white imp gestures at you. The puff of frost hits you!
You die...

####################
').#..'..#__#..5@5.#
#..').#..'..'..#K4.#
##'#####+#__####5..+
#..# #### ##### ####


You could see a hellwing (summoned), a kobold demonologist, a crimson imp
(summoned), a white imp (summoned) and an ufetubus (summoned).

Vanquished Creatures
  A kobold demonologist (D)
  A slime creature (D)
  Sigmund (D)
  A floating eye (D)
  An ogre (D)
  Ijyb (D)
6 creatures vanquished.

Notes
Turn   | Place    | Note
-------+----------+-------------------------------------------
     0 | D        | boopmooplesden the Minotaur Berserker began the quest for
                  | the Orb.
     0 | D        | Reached XP level 1. HP: 19/19 MP: 0/0
     1 | D        | Noticed Ijyb
     9 | D        | Killed Ijyb
    10 | D        | Reached skill level 5 in Fighting
    10 | D        | Reached skill level 5 in Long Blades
    10 | D        | Reached XP level 2. HP: 29/29 MP: 1/1
    76 | D        | Noticed an ogre
    79 | D        | Killed an ogre
    80 | D        | Reached XP level 3. HP: 40/40 MP: 2/2
    80 | D        | Reached XP level 4. HP: 48/48 MP: 3/3
   264 | D        | Noticed Sigmund
   270 | D        | Killed Sigmund
   270 | D        | Reached ** piety under Trog
   271 | D        | Reached skill level 10 in Fighting
   271 | D        | Reached skill level 5 in Armour
   271 | D        | Reached XP level 5. HP: 58/58 MP: 4/4
   271 | D        | Reached XP level 6. HP: 66/66 MP: 5/5
   530 | D        | Found a burning altar of Makhleb.
   530 | D        | Found a viscous altar of Jiyva.
   530 | D        | Found a shimmering altar of Xom.
   530 | D        | Found a corrupted altar of Lugonu.
   530 | D        | Noticed a slime creature
   538 | D        | Killed a slime creature
   539 | D        | Reached skill level 5 in Dodging
   594 | D        | Noticed a kobold demonologist
   594 | D        | Noticed a floating eye
   596 | D        | Noticed a kobold demonologist
   600 | D        | Noticed a rust devil
   601 | D        | Paralysed by a floating eye for 3 turns
   602 | D        | Noticed a rust devil
   605 | D        | Noticed a ynoxinul
   605 | D        | Killed a floating eye
   606 | D        | Reached XP level 7. HP: 75/75 MP: 6/6
   610 | D        | Noticed a hellwing
   612 | D        | Killed a kobold demonologist
   612 | D        | Reached *** piety under Trog
   624 | D        | HP: 2/78 [hellwing[a kobold demonologist] (12)]
   624 | D        | Killed from afar by a white imp

Illustrated notes

Levels and vault maps discovered:
D:        dungeon_sprint_1 [red_sonja_temple_1, red_sonja_temple_small_1]

Skill      XL: |  1  2  3  4  5  6  7 |
---------------+----------------------+-----
Fighting       | 5 7 10 11 12 | 12.9
Long Blades    | 5 8 9 11 12 | 12.6
Armour         | 3 4 5 7 8 |  8.2
Dodging        | 3 4 5 |  5.9
Stealth        | |  0.8

Action                   |  1- 3 |  4- 6 |  7- 9 || total
-------------------------+-------+-------+-------++-------
Melee: Falchion          |     9 |    16 |    16 ||    41
       Headbutt          |     2 |     5 |     1 ||     8
Invok: Berserk           |     2 |     3 |       ||     5
  Use: Potion            |       |       |     3 ||     3
Armor: Chain mail        |       |     6 |     4 ||    10
Dodge: Dodged            |     1 |     2 |    21 ||    24
